 Dungeon Crawl Stone Soup version 0.29-a0-330-g52719c12eb (webtiles) character file.

Game seed: 15818432780445475446

111 HoaS the Bolt Thrower (level 4, -1/36 HPs)
             Began as a Demigod Hunter on May 28, 2022.
             Slain by Terence
             ... wielding a +3 trident of distortion
              (4 damage)
             ... on level 3 of the Dungeon.
             The game lasted 00:06:14 (2299 turns).

HoaS the Bolt Thrower (Demigod Hunter)              Turns: 2299, Time: 00:06:15

Health: -1/36      AC:  6    Str: 20    XL:     4   Next: 36%
Magic:  6/6        EV: 12    Int: 11    God:
Gold:   82         SH:  0    Dex: 21    Spells: 3/3 levels left

rFire   . . .      SeeInvis +   a - +1 hand crossbow
rCold   . . .      Faith    .   (no shield)
rNeg    . . .      Spirit   .   r - +0 leather armour of Minaynoa {Str+2 SInv}
rPois   .          Reflect  .   q - +2 hat
rElec   .          Harm     .   (no cloak)
rCorr   .          Rampage  .   (no gloves)
Will    .....                   d - +0 pair of boots
Stlth   ++........              (no amulet)
HPRegen 0.12/turn               h - +6 ring of strength
MPRegen 0.10/turn               (no ring)

@: invisible
A: high MP 1, forlorn, divine attributes
a: no special abilities


You were on level 3 of the Dungeon.
You visited 1 branch of the dungeon, and saw 3 of its levels.

You collected 82 gold pieces.

Inventory:

Hand Weapons
 a - a +1 hand crossbow (weapon)
Armour
 d - a +0 pair of boots (worn)
 q - a +2 hat (worn)
 r - the +0 leather armour of Minaynoa (worn) {Str+2 SInv}
   (You found it on level 3 of the Dungeon)

   Str:       It affects your strength (+2).
   SInv:      It lets you see invisible.
Jewellery
 h - a +6 ring of strength (left hand)
Wands
 m - a wand of flame (13)
Scrolls
 c - a scroll of immolation
Potions
 e - 2 potions of ambrosia
 f - 2 potions of resistance
 i - a potion of cancellation
 j - a potion of mutation
 o - a potion of heal wounds {unknown}
 p - a potion of curing {unknown}


   Skills:
 - Level 1.7 Fighting
 + Level 5.5 Crossbows
 - Level 1.7 Dodging
 - Level 0.8 Stealth


You had 3 spell levels left.
You didn't know any spells.
Your spell library contained the following spells:

 Spells                   Type           Power      Damage    Failure   Level
 Slow                     Hex            0%         N/A       38%         1
 Confusing Touch          Hex            0%         N/A       77%         3
 Vampiric Draining        Necr           0%         2d6       77%         3


Dungeon Overview and Level Annotations

Branches:
Dungeon (3/15)

Annotations:
D:1 2 transporters
D:3 Terence


Innate Abilities, Weirdness & Mutations

You have an increased reservoir of magic. (+10% MP)
You shall have no god before yourself.
Your divine heritage dramatically boosts your attributes as you level up.


Message History

Terence closely misses you.
Shoot: a) +1 hand crossbow
Press: ? - help, Q - select action, (/) - cycle Shift-Dir - straight line, f/p - Terence
Aim: Terence, wielding a +3 trident of distortion and wearing a +0 scale mail (moderately wounded, 69% to hit)
You shoot a bolt. The bolt closely misses Terence.
Terence hits you from afar with a +3 trident of distortion!
Space warps around you.
Terence hits you from afar with a +3 trident of distortion.
You blink.
As you read the scroll of identify, it crumbles to dust.
k - a potion of invisibility You fade into invisibility!
Terence shouts, "Now you die!"
Shoot: a) +1 hand crossbow
Press: ? - help, Q - select action, (/) - cycle Shift-Dir - straight line, f/p - Terence
Aim: Terence, wielding a +3 trident of distortion and wearing a +0 scale mail (moderately wounded, can't see you, 69% to hit)
You shoot a bolt. The bolt barely misses Terence.
Shoot: a) +1 hand crossbow
Press: ? - help, Q - select action, (/) - cycle Shift-Dir - straight line, f/p - Terence
Aim: Terence, wielding a +3 trident of distortion and wearing a +0 scale mail (moderately wounded, can't see you, 69% to hit)
You shoot a bolt. The bolt hits Terence!
Terence is severely wounded.
Shoot: a) +1 hand crossbow
Press: ? - help, Q - select action, (/) - cycle Shift-Dir - straight line, f/p - Terence
Aim: Terence, wielding a +3 trident of distortion and wearing a +0 scale mail (severely wounded, can't see you, 69% to hit)
You shoot a bolt. The bolt hits Terence.
Terence is severely wounded.
Shoot: a) +1 hand crossbow
Press: ? - help, Q - select action, (/) - cycle Shift-Dir - straight line, f/p - Terence
Aim: Terence, wielding a +3 trident of distortion and wearing a +0 scale mail (severely wounded, can't see you, 69% to hit)
You shoot a bolt. The bolt hits Terence.
Terence is almost dead.
Shoot: a) +1 hand crossbow
Press: ? - help, Q - select action, (/) - cycle Shift-Dir - straight line, f/p - Terence
Aim: Terence, wielding a +3 trident of distortion and wearing a +0 scale mail (almost dead, can't see you, 69% to hit)
You shoot a bolt. The bolt barely misses Terence.
Terence hits you from afar with a +3 trident of distortion!
* * * LOW HITPOINT WARNING * * *
Space warps around you.
You die...

........†........#
.###############.# ##. .#
#.######....
.###############.##.....###
...........................
.###############...########
.# .# ##..### .# .##
#.....### #.# ..# #@###...#
#.# . .## #.# ###.#### #.#
. .# #@# #..).# #.##. .# ##
#.# ####.###.#.. .# ##.
##.# #........ .# #PP# #..#
####.8... .##
#P.########.## ##...#.
..####PP##..#... #...###
#...##8P8##.#.### #....#.


You could see Terence (can't see you).

Vanquished Creatures
  4 gnolls (D:2)
  An adder (D:2)
  2 dart slugs (D:3)
  2 orcs (D:3)
  5 endoplasms
  3 giant cockroaches
  4 goblins
  6 hobgoblins
  5 quokkas
  4 ball pythons
  4 bats
  A frilled lizard (D:2)
  9 kobolds
  3 rats
53 creatures vanquished.

Notes
Turn   | Place    | Note
-------+----------+-------------------------------------------
     0 | D:1      | HoaS the Demigod Hunter began the quest for the Orb.
     0 | D:1      | Reached XP level 1. HP: 17/17 MP: 3/3
   195 | D:1      | Reached skill level 4 in Crossbows
   270 | D:1      | Reached XP level 2. HP: 24/24 MP: 4/4
   721 | D:2      | Identified the amulet "Mule Cuw" {Faith Regen+}
   742 | D:2      | Reached XP level 3. HP: 24/29 MP: 5/5
  1233 | D:2      | Reached skill level 5 in Crossbows
  1243 | D:2      | Reached XP level 4. HP: 36/36 MP: 6/6
  2121 | D:3      | Noticed Terence
  2201 | D:3      | Identified the +0 leather armour of Minaynoa {Str+2 SInv}
  2299 | D:3      | Slain by Terence

Illustrated notes

Levels and vault maps discovered:
D:1:      spicycebolla_arrival_teleporter_tutorial, layout_rooms,
          chequers_serial_rivers_micro_c, serial_bayou_pond_d
D:2:      layout_basic
D:3:      corexii_shack_village, layout_rooms, serial_shops, nicolae_shop_trees,
          shapermc_ecumenical_altar_petra, minmay_misc_feat_four_crosses,
          uniq_terence

Skill      XL: |  1  2  3 |
---------------+----------+-----
Crossbows      | 4 5 |  5.5
Fighting       | |  1.7
Dodging        | |  1.7
Stealth        | |  0.8

Action                   |  1- 3 |  4- 6 || total
-------------------------+-------+-------++-------
 Fire: Hand crossbow     |   102 |    73 ||   175
Throw: Throwing net      |       |     1 ||     1
  Use: Scroll            |     5 |     5 ||    10
       Potion            |       |     1 ||     1
Armor: Leather armour    |    12 |     1 ||    13
       Ring mail         |       |     9 ||     9
Dodge: Dodged            |    18 |    19 ||    37

Table legend: (Time is in decaauts)
 A = Elapsed time spent in this place.
 B = Non-inter-level travel time spent in this place.
 C = Inter-level travel time spent in this place.
 D = Time resting spent in this place.
 E = Time spent auto-exploring this place.
 F = Levels seen in this place.
 G = Mean time per level.
                   A        B        C        D        E       F      G
               +--------+--------+--------+--------+--------+-----+--------+
         Total |   2356 |   2303 |     53 |    660 |   1203 |   3 |  785.3 |
       Dungeon |   2356 |   2303 |     53 |    660 |   1203 |   3 |  785.3 |
               +--------+--------+--------+--------+--------+-----+--------+

Top non-repeatable levels by time:
     D:2: 912 daAuts
     D:3: 762 daAuts
     D:1: 681 daAuts
